 Dungeon Crawl Stone Soup version 0.31-a0-369-g8eba5f6939 (webtiles) character file.

Game seed: 10318213117589365115

2382 jasper the Fighter (level 9, -5/94 (96) HPs)
             Began as an Ogre Shapeshifter on July 28, 2023.
             Was an Initiate of Ru.
             Slain by a yak (9 damage)
             ... on level 9 of the Dungeon.
             The game lasted 00:13:43 (7972 turns).

jasper the Fighter (Ogre Shapeshifter)              Turns: 7972, Time: 00:13:44

HP:   -5/94 (96)    AC:  4    Str: 29    XL:     9   Next: 45%
MP:   9/9           EV: 10    Int:  9    God:    Ru [......]
Gold: 1613          SH:  5    Dex: 11    Spells: 8/8 levels left

rFire   . .          .
                       - Unarmed
rCold   . . .        (no shield)
rNeg    . . .        a - +1 animal skin
rPois   .            (helmet currently unavailable)
rElec   .            (cloak currently unavailable)
rCorr   .            (gloves unavailable)
SInv    +            (boots unavailable)
Will    .....        v - amulet of reflection
Stlth   +            b - ring of see invisible
HPRegen 0.35/turn    r - +6 ring of strength
MPRegen 0.11/turn

%: reflection
@: beast-form, lightly drained
A: beast (slay +5), large, unfitting armour, tough skin 1
a: Begin Untransformation, Renounce Religion


You were on level 9 of the Dungeon.
You worshipped Ru.
Ru was noncommittal.
You were a hulking beast.
You visited 2 branches of the dungeon, and saw 10 of its levels.

You collected 1613 gold pieces.

Inventory:

Hand Weapons
 d - a +0 giant club
Missiles
 f - 35 stones
 l - 3 boomerangs
Armour
 a - a +1 animal skin (worn)
Jewellery
 b - a ring of see invisible (left hand)
 m - a ring of fire
 r - a +6 ring of strength (right hand)
 s - an amulet of guardian spirit
 v - an amulet of reflection (around neck)
Talismans
 c - a beast talisman
 p - a serpent talisman
Wands
 k - a wand of mindburst (12)
 n - a wand of polymorph (3)
Scrolls
 e - a scroll of fog
 g - 3 scrolls of enchant armour
 h - a scroll of vulnerability
 t - a scroll of brand weapon
 w - a scroll of identify
Potions
 i - a potion of ambrosia
 j - 3 potions of brilliance
 u - a potion of curing
 A - a potion of magic {unknown}


   Skills:
 - Level 8.0 Fighting
 - Level 2.3 Dodging
 - Level 7.0 Unarmed Combat
 + Level 7.4 Shapeshifting


You had 8 spell levels left.
You didn't know any spells.
Your spell library contained the following spells:

 Spells                   Type           Power      Damage    Failure   Level
 Sandblast                Erth           0%         2d4       38%         1
 Passwall                 Tmut/Erth      0%         N/A       52%         2
 Stone Arrow              Conj/Erth      0%         3d7       77%         3


Dungeon Overview and Level Annotations

Branches:
Dungeon (9/15)             Temple (1/1) D:6
   Lair: D:8-11         Orc: D:9-12

Altars:
Ashenzari
Cheibriados
Dithmenos
Elyvilon
Hepliaklqana
Kikubaaqudgha
Makhleb
Nemelex Xobeh
Okawaru
Qazlal
Ru
Sif Muna
Trog
Wu Jian
Xom
Yredelemnul
The Shining One

Shops:
D:3 [

Annotations:
D:5 3 runed translucent doors, Maxmaps's ghost, novice NaSh
D:8 Joseph


Innate Abilities, Weirdness & Mutations

You are a hulking beast.
Your limbs bulge with bestial killing power. (Slay +5)
You are too large for most types of armour.
You have tough skin. (AC +1)


Message History

You punch Joseph!
Joseph is moderately wounded.
You block Joseph's attack.
You closely miss Joseph.
Joseph is moderately wounded.
Joseph hits you with a +2 quarterstaff of speed! x2
You take 21 damage, and have 36/94 hp.
MASSIVE DAMAGE!!
You punch Joseph!
Joseph is moderately wounded.
Joseph barely misses you.
You punch Joseph!
Joseph is heavily wounded.
Joseph hits you with a +2 quarterstaff of speed!
* * * LOW HITPOINT WARNING * * *
Joseph hits you with a +2 quarterstaff of speed!
* * * LOW HITPOINT WARNING * * *
You take 16 damage, and have 20/94 hp.
Okay, then.
Joseph attacks as you move away!
Joseph hits you with a +2 quarterstaff of speed!!
* * * LOW HITPOINT WARNING * * *
Joseph shouts, "Wow!"
Joseph unwields a +2 quarterstaff of speed.
Joseph wields a +0 sling.
Joseph shoots a sling bullet.
You block the sling bullet with an invisible shield... and reflect it back!
The sling bullet barely misses Joseph.
You take 18 damage, and have 2/94 hp.
Joseph shoots a sling bullet.
You block the sling bullet with an invisible shield... and reflect it back!
The sling bullet hits Joseph!
There is a stone staircase leading down here.
Joseph shoots a sling bullet.
The sling bullet barely misses you.
You climb downwards.
The yak bellows! x3
There is a stone staircase leading up here.
The yak gores you but does no damage.
Unknown command.
Okay, then.
It was a potion of cancellation.
You feel magically purged. The yak gores you!
You die...

##+####
#.....#
#.....#
#Y....+
#hYY..#
####+##


You could see 3 yaks.

Vanquished Creatures
  3 black bears
  2 ogres
  A centaur (D:6)
  A phantom (D:6)
  A bullfrog (D:7)
  4 scorpions
  15 wights
  A howler monkey (D:7)
  2 jellies (D:7)
  3 hounds
  3 orc priests
  2 sleepcaps
  Natasha (D:3)
  3 iguanas
  4 orc wizards (D:7)
  8 adders
  3 white imps
  6 worms
  A dart slug (D:3)
  19 orcs
  4 bats
  6 endoplasms
  2 giant cockroaches (D:1)
  4 goblins
  10 hobgoblins
  6 jackals (D:1)
  4 quokkas
  A ball python (D:1)
  2 frilled lizards
  5 kobolds
  3 rats
130 creatures vanquished.

Notes
Turn   | Place    | Note
-------+----------+-------------------------------------------
     0 | D:1      | jasper the Ogre Shapeshifter began the quest for the Orb.
     0 | D:1      | Reached XP level 1. HP: 19/19 MP: 1/1
   368 | D:1      | Reached XP level 2. HP: 24/28 MP: 2/2
   813 | D:1      | Reached skill level 2 in Fighting
   930 | D:1      | Reached XP level 3. HP: 35/35 MP: 3/3
  1791 | D:2      | Identified the +9 whip "Kyigo" {speed, Str+4 Dex+3}
  1798 | D:2      | Reached XP level 4. HP: 44/44 MP: 4/4
  2274 | D:3      | Found a transporter.
  2278 | D:3      | Found Foleafil's Armour Shoppe.
  2545 | D:3      | Reached skill level 3 in Fighting
  2617 | D:3      | Reached XP level 5. HP: 48/53 MP: 5/5
  2947 | D:3      | Found a transporter.
  3087 | D:3      | Noticed Natasha
  3096 | D:3      | Killed Natasha
  3530 | D:5      | Entered Level 5 of the Dungeon
  3634 | D:5      | Reached XP level 6. HP: 62/62 MP: 6/6
  3703 | D:5      | Found a runed translucent gate.
  3704 | D:5      | Found a runed translucent gate.
  3704 | D:5      | Found a runed translucent gate.
  3704 | D:5      | Noticed Maxmaps's ghost (novice NaSh)
  3767 | D:5      | Reached skill level 4 in Fighting
  4171 | D:5      | Reached XP level 7. HP: 36/71 MP: 7/7
  4567 | D:5      | Reached skill level 5 in Fighting
  4567 | D:5      | Reached skill level 5 in Unarmed Combat
  5061 | D:6      | Reached skill level 6 in Fighting
  5136 | D:6      | Reached XP level 8. HP: 61/84 MP: 8/8
  5146 | D:5      | Reached skill level 5 in Shapeshifting
  5370 | D:6      | Found a staircase to the Ecumenical Temple.
  5380 | Temple   | Entered the Ecumenical Temple
  5418 | Temple   | Became a worshipper of Ru the Awakened
  5631 | D:6      | Reached skill level 7 in Fighting
  6901 | D:7      | Reached skill level 8 in Fighting
  6904 | D:7      | Reached XP level 9. HP: 42/96 MP: 9/9
  7874 | D:7      | Identified a scroll of acquirement
  7874 | D:7      | Acquired 1333 gold pieces
  7945 | D:8      | Noticed Joseph
  7967 | D:8      | HP: 2/94 [Joseph/+2 quarterstaff of speed (18)]
  7972 | D:9      | Slain by a yak

Illustrated notes

Levels and vault maps discovered:
D:1:      amcnicky_arrival_abandoned_market, layout_loops_corners,
          serial_aquarium, aquarium_bridge_long_joined
          [aquarium_subvault_balcony, aquarium_subvault_bridge,
          aquarium_subvault_bridge, aquarium_subvault_bridge,
          aquarium_subvault_wall, aquarium_subvault_bridge],
          aquarium_window_corner, aquarium_window_1, aquarium_window_fake,
          aquarium_view_2a, aquarium_view_2d, aquarium_balcony_1b,
          aquarium_pool_1, serial_bayou_lake_a
D:2:      layout_basic
D:3:      layout_basic, serial_shops, nicolae_shop_drivethru,
          amcnicky_mini_corridor_feature, minmay_misc_feat_enclosed,
          uniq_natasha
D:4:      layout_basic
D:5:      layout_layer_cave, ebering_ghost_rock_garden
D:6:      layout_rooms, minmay_temple_entry_waves
D:7:      layout_rooms
D:8:      layout_rooms, nicolae_overflow_macrodata_refinement, uniq_psyche,
          uniq_joseph
D:9:      layout_roguey, overflow_temple_1_default, erik_lair_dragon
Temple:   minmay_crystal_spiral_temple

Skill      XL: |  1  2  3  4  5  6  7  8  9 |
---------------+----------------------------+-----
Dodging        | 2 |  2.3
Unarmed Combat | 3 4 5 6 7 |  7.0
Fighting       | 2 3 4 6 8 |  8.0
Shapeshifting  | 4 5 7 |  7.4

Action                     |  1- 3 |  4- 6 |  7- 9 || total
---------------------------+-------+-------+-------++-------
  Melee: Unarmed           |   118 |   180 |   216 ||   514
         Punch             |     1 |     7 |    14 ||    22
    Use: Potion            |     1 |       |     8 ||     9
         Scroll            |     2 |       |    17 ||    19
   Stab: Sleeping          |     1 |       |       ||     1
 Armour: Animal skin       |    29 |    37 |    33 ||    99
         Skin              |     2 |       |       ||     2
  Dodge: Dodged            |    41 |    62 |   109 ||   212
  Block: Other             |       |    12 |    44 ||    56
         Reflection        |       |       |     2 ||     2

Table legend: (Time is in decaauts)
 A = Elapsed time spent in this place.
 B = Non-inter-level travel time spent in this place.
 C = Inter-level travel time spent in this place.
 D = Time resting spent in this place.
 E = Time spent auto-exploring this place.
 F = Levels seen in this place.
 G = Mean time per level.
                   A        B        C        D        E       F      G
               +--------+--------+--------+--------+--------+-----+--------+
         Total |   7925 |   7462 |    463 |   1374 |   4825 |  10 |  792.5 |
       Dungeon |   7848 |   7459 |    389 |   1374 |   4825 |   9 |  872.0 |
        Temple |     76 |      2 |     74 |      0 |      0 |   1 |   76.0 |
               +--------+--------+--------+--------+--------+-----+--------+

Top non-repeatable levels by time:
     D:6: 1608 daAuts
     D:5: 1547 daAuts
     D:1: 1310 daAuts
     D:7: 1116 daAuts
     D:3: 1082 daAuts
     D:2: 954 daAuts
     D:4: 166 daAuts
  Temple: 76 daAuts
     D:8: 61 daAuts
     D:9: 1 daAuts
